 Dungeon Crawl Stone Soup version 0.17-a0-1838-g891d947 (webtiles) character file.

166 ololoev the Conjurer (level 5, -10/38 HPs)
             Began as a Draconian Conjurer on Sept 15, 2015.
             Killed by divine providence
             ... invoked by an orc priest
              (11 damage)
             ... on level 3 of the Dungeon.
             The game lasted 00:11:48 (3304 turns).

ololoev the Conjurer (Draconian Conjurer)           Turns: 3304, Time: 00:11:50

Health: -10/38     AC:  5    Str: 11    XL:     5   Next: 22%
Magic:  4/9        EV: 15    Int: 16    God:
Gold:   95         SH:  0    Dex: 11    Spells: 2 memorised, 7 levels left

rFire  . . .     SeeInvis .     d - +2 short sword (speed)
rCold  . . .     Clarity  .     (armour unavailable)
rNeg   . . .     SustAt   +     (no shield)
rPois  .         Gourm    .     (helmet restricted)
rElec  .         Spirit   .     (no cloak)
rCorr  .         Warding  .     (no gloves)
rMut   .         Stasis   .     (no boots)
MR     .....                    (no amulet)
Stlth  ++........               i - +3 ring of evasion
                                q - ring of sustain attributes

@: not resistant to hostile enchantments, unstealthy
A: unfitting armour, cold-blooded, AC +5
a: no special abilities


Innate Abilities, Weirdness & Mutations

Your plain brown scales are hard (AC +5).
Your body does not fit into most forms of armour.
You are cold-blooded and may be slowed by cold attacks.

Inventory:

Hand weapons
 d - a +2 short sword of speed (weapon)
Jewellery
 i - a +3 ring of evasion (right hand)
 q - a ring of sustain attributes (left hand)
Scrolls
 e - a scroll of teleportation {unknown}
 f - 3 scrolls of remove curse
 g - a scroll of blinking
 k - a scroll of fear
Potions
 h - 2 potions of curing
 n - 2 potions of might {unknown}
 r - 2 potions of brilliance
Books
 a - a book of Conjurations

   Spells                             Type                      Level
   a - Magic Dart                     Conjuration                  1
   b - Searing Ray                    Conjuration                  2
   c - Dazzling Spray                 Conjuration/Hexes            3
   d - Fulminant Prism                Conjuration/Hexes            4
   e - Iskenderun's Mystic Blast      Conjuration                  4
   f - Iskenderun's Battlesphere      Conjuration/Charms           5
Comestibles
 b - 3 bread rations
 c - a beef jerky
 j - 2 chunks of flesh
 l - a slice of pizza
 m - 4 fruits


   Skills:
 - Level 1.7 Dodging
 - Level 1.7 Stealth
 + Level 3.2 Spellcasting
 * Level 5.9 Conjurations


You had 7 spell levels left.
You knew the following spells:

 Your Spells              Type           Power        Failure   Level  Hunger
a - Magic Dart            Conj           ###.         1%          1    None
b - Searing Ray           Conj           ###...       2%          2    ##.....


You were on level 3 of the Dungeon.
You were not hungry.

You visited 1 branch of the dungeon, and saw 3 of its levels.
You also visited: Sewer.

You collected 95 gold pieces.

,* *,,,,,,,**,#......,*
,**** *,,,,,,,*#,#...#.#,*
,,,,* *,,,,,,,*#.#.#...#,*
,**,* *,,,,,,,**.#....#*,*
,**,* *,,,####**,.....**,*
,**,* *,,##...#*##$.####.#
,**,* *,*#.....##........#
,,,,***,*......o#.#.######
,*,,,,,,*..._oo)@.#.#
,*,****,*...oo.o###.#######
,*,***,,*#.....#* #.......#
,*,**,,,,##...#####.#####.#
,,,,,,,,,,#####.....##..<.#
* ,*,****,,,,,*
#####.#.....# *
,*,,,,,,,,,** #.#..(..# *
,*********,** #.......# *
,*,** #..,* ###.....# *

Notes
Turn   | Place    | Note
--------------------------------------------------------------
     0 | D:1      | ololoev the Draconian Conjurer began the quest for the Orb.
     0 | D:1      | Reached XP level 1. HP: 14/14 MP: 3/3
   447 | D:1      | Reached XP level 2. HP: 15/20 MP: 0/5
   451 | D:1      | Learned a level 2 spell: Searing Ray
   971 | D:1      | Found a shattered altar of Ashenzari.
  1306 | D:2      | Found a blossoming altar of Fedhas.
  1355 | D:2      | Found an iron altar of Okawaru.
  1365 | D:2      | Reached XP level 3. HP: 26/26 MP: 1/6
  1457 | D:2      | Reached skill level 5 in Conjurations
  1911 | D:2      | Reached XP level 4. HP: 33/33 MP: 5/8
  2412 | D:3      | Found a glowing drain.
  2493 | Sewer    | Entered a sewer
  3152 | Sewer    | Reached XP level 5. HP: 33/38 MP: 2/9
  3299 | D:3      | Found a snail-covered altar of Cheibriados.
  3302 | D:3      | HP: 1/38 [orc priest/divine providence (14)]
  3304 | D:3      | Killed from afar by an orc priest

Dungeon Overview and Level Annotations

Branches:
Dungeon (3/15)

Altars:
Ashenzari
Cheibriados
Fedhas
Okawaru


Message History

Moving in this stuff is going to be slow.
Things that are here:
a stone; an uncursed staff of death; a rat skeleton
Found 10 gold pieces. 2 orcs and an orc priest come into view.
The orc shouts!
The orc moves out of view.
Found a snail-covered altar of Cheibriados. 2 orcs come into view.
An orc, an orc priest and an orc wizard come into view.
The orc shouts!
The orc wizard shouts!
The orc priest shouts!
The orc shouts!
The orc priest invokes the aid of Beogh against you.
Something smites you!
Casting: Searing Ray
Confirm with . or Enter, or press ? or * to list all spells.
Aiming: Searing Ray
Press: ? - help, Shift-Dir - straight line, f - orc
Aim: an orc, wielding a club The searing ray hits the orc.
You kill the orc!
The orc shouts! x2
The orc priest shouts!
The orc priest mumbles some strange prayers to Beogh against you.
Something smites you!
The searing ray hits the orc wizard.
The orc wizard is moderately wounded.
The orc priest calls down the wrath of Beogh upon you.
Something smites you!
The orc wizard hits you but does no damage.
The searing ray hits the orc wizard.
The orc wizard is severely wounded.
The orc wizard hits you but does no damage.
The orc misses you.
The searing ray hits the orc wizard.
You kill the orc wizard!
The searing ray hits the orc priest.
The orc priest is heavily wounded.
The orc priest mumbles some strange prayers to Beogh against you.
Something smites you!
You die...

You could see 2 orc priests and 4 orcs.

Vanquished Creatures
  An orc wizard (D:3)
  7 adders
  An ooze (D:1)
  A worm (D:3)
  An orc (D:3)
  3 bats
  A giant cockroach (D:2)
  6 goblins
  3 hobgoblins
  2 quokkas (D:2)
  4 ball pythons
  6 giant newts
  10 jackals
  18 kobolds
  8 rats
  A plant (Sewer)
73 creatures vanquished.

Action                   |  1- 3 |  4- 6 || total
-------------------------+-------+-------++-------
Melee: Dagger            |    31 |       ||    31
       Staff             |    15 |     9 ||    24
       Short sword       |       |    86 ||    86
 Cast: Magic Dart        |    39 |    30 ||    69
       Searing Ray       |     5 |    11 ||    16
  Use: Scroll            |       |    10 ||    10
       Potion            |       |     5 ||     5
 Stab: Sleeping          |     2 |     1 ||     3
  Eat: Chunk             |     4 |     6 ||    10

Vault maps used:
D:1:      shiori_shiawase, ashenzari_altar_1
D:2:      fedhas_altar_fruit_tree, lemuel_crystal_altar
D:3:      lemuel_round_altar, portal_sewer_entry_b, first_bread, uniq_terence
Sewer:    sewer_co_scattered_pipes
